 Dungeon Sprint DCSS version 0.31-a0-841-g038b102fc3 (webtiles) character file.

Game seed: 14817958103437528083

1472 sircluck the Grappler (level 8, -5/139 HPs)
             Began as a Troll Berserker on Sept 27, 2023.
             Was a Believer of Trog.
             Slain by an iron troll (29 damage)
             ... in the Dungeon (Sprint VII: "The Pits").
             The game lasted 00:00:38 (448 turns).

sircluck the Grappler (Troll Berserker)              Turns: 448, Time: 00:00:39

Health: -5/139     AC:  4    Str: 28    XL:     8   Next: 49%
Magic:  7/7        EV: 12    Int:  3    God:    Trog [**....]
Gold:   0          SH:  0    Dex:  9    Spells: 7/7 levels left

rFire   . .          .
                       - Unarmed
rCold   . . .        (no shield)
rNeg    . . .        a - +0 animal skin
rPois   .            (helmet restricted)
rElec   .            (no cloak)
rCorr   .            (gloves unavailable)
SInv    .            (boots unavailable)
Will    .....        (no amulet) Stlth
                     (no ring)
HPRegen 1.23/turn    (no ring)
MPRegen 0.10/turn

%: no teleportation
@: berserking (expiring), slowed
A: large, unfitting armour, claws 3, regeneration 1, shaggy fur 1, tough skin 1
a: Renounce Religion, Berserk, Trog's Hand


You were in the Dungeon.
You worshipped Trog.
Trog was pleased with you.
You visited 1 branch

Inventory:

Armour
 a - a +0 animal skin (worn)
Scrolls
 g - a scroll of blinking
Potions
 b - a potion of curing
 c - a potion of heal wounds
 d - a potion of haste
 e - 2 potions of magic
 f - a potion of berserk rage


   Skills:
 + Level 9.8 Fighting
 + Level 9.6 Dodging
 + Level 11.4 Unarmed Combat


You had 7 spell levels left.
You didn't know any spells.
Your spell library was empty.

Dungeon Overview and Level Annotations

Branches:
Dungeon (1/1)

Altars:


Innate Abilities, Weirdness & Mutations

You are too large for most types of armour.
You have claws for hands.
Your natural rate of healing is unusually fast.
You are covered in fur. (AC +1)
You have tough skin. (AC +1)


Message History

You barely miss something. You claw something! You claw something.
Something hits you! Something drains your vigour!
You feel yourself slow down.
You barely miss something. The black mamba bites you! Something hits you!!
Something drains your vigour!
You feel as though you will be slow longer.
You eviscerate something!!! Trog accepts your kill.
Reactivating autopickup.
You feel a bit more experienced. The black mamba bites you!
Your Fighting skill increases to level 9!
Your Dodging skill increases to level 9!
Your Unarmed Combat skill increases to level 10!
You have reached level 8!
Unknown command.
Unknown command.
You mangle the black mamba!!
The black mamba is severely wounded.
The black mamba completely misses you.
The black mamba bites you but does no damage.
You closely miss the black mamba.
The black mamba is severely wounded.
The black mamba bites you!
You mangle the black mamba!!
You kill the black mamba!
Trog accepts your kill. The iron troll bites you!
* * * LOW HITPOINT WARNING * * *
The iron troll closely misses you. The iron troll claws you!
* * * LOW HITPOINT WARNING * * *
Your Unarmed Combat skill increases to level 11!
Unknown command.
Unknown command.
Unknown command.
You mangle the iron troll!!
The iron troll is moderately wounded.
You mangle the iron troll!! You claw the iron troll.
The iron troll is almost dead.
The iron troll bites you!!
You die...

..# #++########## .S#
........##..# ..#
.#......##..# ..#
........''..# ..#
........''..##########..#
.#......##..............#
........##......@T......#
#''######################
#''# #..# #..# #..####
#..#..### #..#....##
#..†.....#


You could see an iron troll.

Vanquished Creatures
  A shadow wraith (D)
  A black mamba (D)
  An orange demon (D)
  A water elemental (D)
  A redback (D)
  A bullfrog (D)
6 creatures vanquished.

Notes
Turn   | Place    | Note
-------+----------+-------------------------------------------
     0 | D        | sircluck the Troll Berserker began the quest for the Orb.
     0 | D        | Reached XP level 1. HP: 22/22 MP: 0/0
    21 | D        | Noticed a redback
    21 | D        | Noticed a bullfrog
    28 | D        | Killed a bullfrog
    29 | D        | Reached skill level 5 in Unarmed Combat
    29 | D        | Reached XP level 2. HP: 33/33 MP: 1/1
    29 | D        | Reached XP level 3. HP: 40/40 MP: 2/2
    32 | D        | Killed a redback
    33 | D        | Reached skill level 5 in Fighting
    33 | D        | Reached skill level 5 in Dodging
    33 | D        | Reached skill level 7 in Unarmed Combat
    33 | D        | Reached XP level 4. HP: 40/52 MP: 3/3
    33 | D        | Reached XP level 5. HP: 45/59 MP: 4/4
   107 | D        | Noticed a water elemental
   134 | D        | Killed a water elemental
   134 | D        | Reached ** piety under Trog
   135 | D        | Reached skill level 8 in Unarmed Combat
   135 | D        | Reached XP level 6. HP: 24/71 MP: 5/5
   179 | D        | Noticed an orange demon
   186 | D        | Killed an orange demon
   187 | D        | Reached skill level 9 in Unarmed Combat
   187 | D        | Reached XP level 7. HP: 80/80 MP: 6/6
   430 | D        | Noticed an iron troll
   430 | D        | Noticed a black mamba
   442 | D        | Killed a shadow wraith
   443 | D        | Reached skill level 10 in Unarmed Combat
   443 | D        | Reached XP level 8. HP: 61/92 MP: 7/7
   445 | D        | Killed a black mamba
   446 | D        | Reached skill level 11 in Unarmed Combat
   448 | D        | Slain by an iron troll

Illustrated notes

Levels and vault maps discovered:
D:        pitsprint [storerooms_1, entrance_room_1, metal_vault_1, armoury_2,
          mini_pit_1, grid_room_1, main_hall_1, silver_pit, the_coven_1,
          the_vestibule_1, steel_vault_1, golden_pit, hallway_of_sentries,
          crystal_vault_1, iron_vault_1, final_vault]

Skill      XL: |  1  2  3  4  5  6  7  8 |
---------------+-------------------------+-----
Fighting       | 4 5 7 8 9 |  9.8
Dodging        | 4 5 6 8 9 |  9.6
Unarmed Combat | 5 7 8 9 10 11 | 11.4

Action                     |  1- 3 |  4- 6 |  7- 9 || total
---------------------------+-------+-------+-------++-------
  Melee: Unarmed           |     8 |     9 |    12 ||    29
         Punch             |       |       |     3 ||     3
 Invoke: Berserk           |     1 |     1 |     1 ||     3
 Armour: Animal skin       |     5 |     3 |    11 ||    19
  Dodge: Dodged            |       |     5 |     2 ||     7

Table legend: (Time is in decaauts)
 A = Elapsed time spent in this place.
 B = Non-inter-level travel time spent in this place.
 C = Inter-level travel time spent in this place.
 D = Time resting spent in this place.
 E = Time spent auto-exploring this place.
 F = Levels seen in this place.
 G = Mean time per level.
                   A        B        C        D        E       F      G
               +--------+--------+--------+--------+--------+-----+--------+
         Total |    466 |    466 |      0 |    343 |     21 |   1 |  466.0 |
       Dungeon |    466 |    466 |      0 |    343 |     21 |   1 |  466.0 |
               +--------+--------+--------+--------+--------+-----+--------+

Top non-repeatable levels by time:
       D: 466 daAuts
